 Dungeon Crawl Stone Soup version 0.20.1-1-g8b1a95d (webtiles) character file.

1772 wojtek the Cleaver (level 8, -9/72 (73) HPs)
             Began as a Minotaur Fighter on Dec 24, 2017.
             Was a Believer of Okawaru.
             Mangled by an orc warrior
             ... wielding a +0 war axe
              (11 damage)
             ... on level 6 of the Dungeon.
             The game lasted 00:07:34 (5629 turns).

wojtek the Cleaver (Minotaur Fighter)               Turns: 5629, Time: 00:07:34

HP:   -9/72 (73)    AC:  8    Str: 24    XL:     8   Next: 80%
MP:   9/9           EV:  7    Int:  5    God:    Okawaru [**....]
Gold: 435           SH:  9    Dex:  9    Spells: 7/7 levels left

rFire    . . .     SeeInvis .   a - +0 war axe
rCold    . . .     Gourm    .   c - +0 shield
rNeg     . . .     Faith    .   b - +0 scale mail
rPois    .         Spirit   .   (helmet restricted)
rElec    .         Reflect  .   A - scarf {repulsion}
rCorr    .         Harm     .   (no gloves)
MR       .....                  (no boots)
Stlth    ..........             (no amulet)
Regen    0.3/turn               (no ring)
MPRegen  0.2/turn               (no ring)

@: repel missiles
A: retaliatory headbutt, horns 2
a: Heroism, Renounce Religion


You were on level 6 of the Dungeon.
You worshipped Okawaru.
Okawaru was pleased with you.
You were not hungry.

You visited 1 branch of the dungeon, and saw 6 of its levels.

You collected 435 gold pieces.

Inventory:

Hand Weapons
 a - a +0 war axe (weapon)
 s - a +2 hunting sling of flaming
 B - a +0 hand axe of distortion
Missiles
 g - 194 stones (quivered)
Armour
 b - a +0 scale mail (worn)
 c - a +0 shield (worn)
 A - a scarf of repulsion (worn)
 D - the +3 scale mail of the Scribe {rC+ rN+++ MR- Int-5, unknown}
   (You found it on level 4 of the Dungeon)

   It affects your intelligence (-5).
   It protects you from cold.
   It renders you almost immune to negative energy.
   It affects your resistance to hostile enchantments.
 G - the cursed -3 pair of gloves of Prudence {Slay+3, unknown}
   (You found it on level 5 of the Dungeon)

   It affects your accuracy and damage with ranged weapons and melee attacks
   (+3).
   It has a curse placed upon it.
Jewellery
 p - an uncursed amulet of rage {unknown}
 C - a +4 ring of evasion {unknown}
 F - a cursed ring of teleportation {unknown}
 H - an uncursed ring of flight {unknown}
Scrolls
 e - 6 scrolls of identify {unknown}
 j - 6 scrolls of teleportation {unknown}
 k - a scroll of fog {unknown}
 l - 2 scrolls of amnesia {unknown}
 r - a scroll of enchant weapon {unknown}
 v - 5 scrolls of remove curse {unknown}
 w - a scroll of recharging {unknown}
 y - 2 scrolls of noise {unknown}
 K - a scroll of immolation {unknown}
Potions
 d - 4 potions of might
 i - a potion of magic {unknown}
 m - a potion of mutation {unknown}
 n - 2 potions of agility {unknown}
 q - a potion of curing
 t - 2 potions of heal wounds {unknown}
 u - 2 potions of invisibility {unknown}
 x - 2 potions of brilliance {unknown}
 I - a potion of berserk rage {unknown}
Books
 E - the Volume of the Unholy Volcanoes
   (You found it on level 4 of the Dungeon)

   Spells                             Type                      Level
   a - Flame Tongue                   Conjuration/Fire             1
   b - Corpse Rot                     Necromancy                   2
   c - Ignite Poison                  Fire/Transmutation/Poison    3
   d - Vampiric Draining              Necromancy                   3
   e - Cigotuvi's Embrace             Necromancy                   5
Comestibles
 f - 4 bread rations
 h - a royal jelly
 o - 2 meat rations
 J - 4 fruits


   Skills:
 + Level 7.3 Fighting
 * Level 9.4 Axes
 + Level 7.3 Armour
 - Level 3.6 Shields
 + Level 3.5 Invocations


You had 7 spell levels left.
You didn't know any spells.

Dungeon Overview and Level Annotations

Branches:
Dungeon (6/15)             Temple (0/1) D:5

Altars:
Cheibriados
Dithmenos
Hepliaklqana
Kikubaaqudgha
Nemelex Xobeh
Okawaru
Trog
Yredelemnul


Innate Abilities, Weirdness & Mutations

You reflexively headbutt those who attack you in melee.
You have a pair of horns on your head.


Message History

The orc warrior is severely wounded.
You block the orc warrior's attack.
You hit the orc warrior.
The orc warrior is almost dead.
You block the orc warrior's attack.
Your shield and scale mail prevent you from hitting the orc warrior.
The orc warrior is almost dead.
You block the orc warrior's attack.
You hit the orc warrior.
The orc warrior is almost dead.
The orc warrior barely misses you.
You closely miss the orc warrior.
You headbutt the orc warrior, but do no damage.
The orc warrior is almost dead.
The orc warrior hits you with a war axe!
* * * LOW HITPOINT WARNING * * *
You closely miss the orc warrior.
The orc warrior is almost dead.
The orc warrior hits you with a war axe!
You die...

############
#..........#
########
#.########.####
#....... #.#
#....@)..#
##'###### #.#
#...)o†.<#
#........ #.#
#........#
#........ #.#
#........#
#........ #.#
#........#
#........ #.#
#........#
#..^..^.. #.#
#........#
#........ #.#
#####....#
#........ #.#
#........


You could see an orc warrior.

Vanquished Creatures
  Grinder (D:3)
  Sigmund (D:6)
  Menkaure (D:4)
  Edmund (D:6)
  An orc warrior (D:4)
  An ice beast (D:5)
  2 necrophages (D:4)
  A centaur (D:6)
  2 bullfrogs (D:6)
  A scorpion (D:6)
  A bullfrog zombie (D:6)
  2 hounds
  An orc priest (D:3)
  2 orc wizards
  2 iguanas
  3 worker ants
  A hound skeleton (D:5)
  Robin (D:3)
  6 adders
  4 gnolls (D:3)
  3 oozes
  An adder skeleton (D:6)
  3 dart slugs
  3 leopard geckos
  24 orcs
  8 giant cockroaches
  28 goblins
  11 hobgoblins
  2 jackals (D:3)
  10 kobolds
  A quokka (D:4)
  3 ball pythons
  5 bats
  6 frilled lizards
  10 rats
153 creatures vanquished.

Notes
Turn   | Place    | Note
-------+----------+-------------------------------------------
     0 | D:1      | wojtek the Minotaur Fighter began the quest for the Orb.
     0 | D:1      | Reached XP level 1. HP: 19/19 MP: 0/0
    93 | D:1      | Reached XP level 2. HP: 27/27 MP: 1/1
   167 | D:1      | Reached skill level 3 in Axes
   573 | D:1      | Reached XP level 3. HP: 33/33 MP: 2/2
   948 | D:2      | Reached skill level 4 in Axes
   994 | D:2      | Reached XP level 4. HP: 35/40 MP: 3/3
  1006 | D:2      | Found a snail-covered altar of Cheibriados.
  1297 | D:2      | Found a hazy altar of Hepliaklqana.
  1605 | D:3      | Noticed Robin
  1709 | D:3      | Killed Robin
  1709 | D:3      | Reached XP level 5. HP: 45/47 MP: 4/4
  1833 | D:3      | Reached skill level 5 in Axes
  1839 | D:3      | Reached skill level 5 in Armour
  2218 | D:3      | Noticed Grinder
  2231 | D:3      | Paralysed by Grinder for 3 turns
  2234 | D:3      | Killed Grinder
  2234 | D:3      | Reached skill level 5 in Fighting
  2234 | D:3      | Reached skill level 6 in Axes
  2234 | D:3      | Reached XP level 6. HP: 33/56 MP: 5/5
  2657 | D:3      | Found a bloodstained altar of Trog.
  2725 | D:4      | Found an iron altar of Okawaru.
  2735 | D:4      | Became a worshipper of Warmaster Okawaru
  2831 | D:4      | Found a basalt altar of Yredelemnul.
  2832 | D:4      | Noticed Menkaure
  2833 | D:4      | Found an ancient bone altar of Kikubaaqudgha.
  2897 | D:4      | Found a transporter.
  2901 | D:4      | Found a transporter.
  3021 | D:4      | Killed Menkaure
  3021 | D:4      | Reached XP level 7. HP: 5/61 MP: 6/6
  3025 | D:4      | Reached skill level 7 in Axes
  3025 | D:4      | Reached skill level 1 in Invocations
  3027 | D:4      | Reached * piety under Okawaru
  3249 | D:4      | Got a translucent scale mail
  3253 | D:4      | Identified the Volume of the Unholy Volcanoes
  3319 | D:4      | Found a shadowy altar of Dithmenos.
  3565 | D:4      | Found a sparkling altar of Nemelex Xobeh.
  3637 | D:5      | Entered Level 5 of the Dungeon
  4080 | D:5      | Reached XP level 8. HP: 66/69 MP: 8/8
  4105 | D:5      | Reached skill level 8 in Axes
  4306 | D:5      | Found a staircase to the Ecumenical Temple.
  4368 | D:5      | Got a pair of smoking gloves
  5002 | D:6      | Noticed Sigmund
  5013 | D:6      | Killed Sigmund
  5160 | D:6      | Reached ** piety under Okawaru
  5161 | D:6      | Noticed Edmund
  5172 | D:6      | Killed Edmund
  5172 | D:6      | Reached skill level 9 in Axes
  5628 | D:6      | HP: 2/72 [orc warrior/war axe (16)]
  5629 | D:6      | Mangled by an orc warrior

Skill      XL: |  1  2  3  4  5  6  7  8 |
---------------+-------------------------+-----
Fighting       | 4 5 6 7 |  7.3
Axes           | 3 4 6 7 9 |  9.4
Armour         | 4 5 6 7 |  7.3
Invocations    | 2 3 |  3.5
Shields        | |  3.6

Action                   |  1- 3 |  4- 6 |  7- 9 || total
-------------------------+-------+-------+-------++-------
Melee: War axe           |    74 |   142 |   132 ||   348
       Headbutt          |    15 |    19 |    28 ||    62
  Use: Potion            |       |       |     1 ||     1
  Eat: Chunk             |       |     7 |     8 ||    15
Armor: Scale mail        |    19 |    48 |    32 ||    99
Dodge: Dodged            |    20 |    58 |    29 ||   107
       Deflected         |       |       |     3 ||     3
Block: Shield            |    27 |    77 |    68 ||   172
